 Dungeon Crawl Stone Soup version 0.23.2-1-ga50397a6bc (webtiles) character file.

Game seed: 14908379161087480557

4461 Mrkan the Grappler (level 10, -9/88 HPs)
             Began as a Troll Monk on May 23, 2019.
             Was a High Priest of Okawaru.
             Mangled by a hornet (14 damage)
             ... on level 9 of the Dungeon.
             The game lasted 00:15:46 (6043 turns).

Mrkan the Grappler (Troll Monk)                     Turns: 6043, Time: 00:15:46

Health: -9/88      AC:  8    Str: 21    XL:     10   Next: 15%
Magic:  9/9        EV: 11    Int:  6    God:    Okawaru [*****.]
Gold:   561        SH:  0    Dex: 15    Spells: 9/9 levels left

rFire    . . .     SeeInvis .     - Unarmed
rCold    . . .     Gourm    +   (no shield)
rNeg     . . .     Faith    .   a - +0 robe
rPois    +         Spirit   .   (helmet restricted)
rElec    .         Reflect  .   t - +1 cloak
rCorr    .         Harm     .   (gloves unavailable)
MR       .....                  (boots unavailable)
Stlth    ++........             (no amulet)
HPRegen  0.64/turn              v - ring of poison resistance
MPRegen  0.11/turn              (no ring)

@: slowed, very slow
A: large, unfitting armour, claws 3, fast metabolism 3, gourmand, regeneration
1, shaggy fur 1, tough skin 3
a: Heroism, Finesse, Renounce Religion


You were on level 9 of the Dungeon.
You worshipped Okawaru.
Okawaru was extremely pleased with you.
You were full.

You visited 1 branch of the dungeon, and saw 9 of its levels.

You collected 561 gold pieces.

Inventory:

Hand Weapons
 F - a +4 scimitar of flaming
Missiles
 j - 104 stones (quivered)
 E - 3 silver javelins
 H - 3 large rocks
Armour
 a - a +0 robe (worn)
 t - a +1 cloak (worn)
 L - a +0 troll leather armour
Jewellery
 v - a ring of poison resistance (left claw)
 K - an uncursed ring of ice {unknown}
Wands
 s - a wand of iceblast (10)
 u - a wand of paralysis (3)
 w - a wand of polymorph (19)
 A - a wand of scattershot (2)
Scrolls
 d - a scroll of magic mapping
 g - 3 scrolls of enchant armour
 h - a scroll of noise
 m - a scroll of random uselessness {unknown}
 o - 8 scrolls of remove curse
 r - 7 scrolls of identify
 x - 2 scrolls of fear {unknown}
 y - 3 scrolls of teleportation
 z - a scroll of fog {unknown}
 B - a scroll of enchant weapon {unknown}
 C - a scroll of amnesia {unknown}
 G - a scroll of blinking
Potions
 c - a potion of haste
 e - a potion of might {unknown}
 f - 2 potions of cancellation {unknown}
 i - 2 potions of berserk rage {unknown}
 k - a potion of lignification {unknown}
 l - 2 potions of agility {unknown}
 n - 4 potions of curing {unknown}
 p - 4 potions of brilliance {unknown}
 q - 3 potions of ambrosia {unknown}
 D - a potion of mutation {unknown}
 J - 2 potions of heal wounds {unknown}
Comestibles
 b - 11 rations


   Skills:
 - Level 2.4 Fighting
 * Level 9.9 Throwing
 - Level 2.4 Dodging
 - Level 1.0 Stealth
 - Level 10.5 Unarmed Combat


You had 9 spell levels left.
You didn't know any spells.
Your spell library was empty.

Dungeon Overview and Level Annotations

Branches:
Dungeon (9/15)             Temple (0/1) D:6
   Lair: D:8-11         Orc: D:9-12

Altars:
Fedhas
Gozag
Hepliaklqana
Makhleb
Nemelex Xobeh
Okawaru
Qazlal
Sif Muna
Uskayaw
Xom
Zin
The Shining One

Shops:
D:9 =

Annotations:
D:4 3 runed translucent doors, Alannah's ghost, amateur TrHu; Mrkan's ghost, amateur DrGl


Innate Abilities, Weirdness & Mutations

You are too large for most types of armour.
You have claws for hands.
Your metabolism is lightning-fast.
You like to eat raw meat.
Your natural rate of healing is unusually fast.
You are covered in fur. (AC +1)
You have extremely tough skin. (AC +3)


Message History

The killer bee zombie hits you but does no damage.
You closely miss the hornet.
The hornet is severely wounded.
The killer bee zombie hits you but does no damage.
The hornet stings you.
* * * LOW HITPOINT WARNING * * *
The killer bee zombie barely misses you.
Unknown command.
You scratch the hornet but do no damage.
The hornet is severely wounded.
The hornet barely misses you.
The killer bee zombie barely misses you.
The hornet stings you but does no damage.
The killer bee zombie barely misses you.
You barely miss the hornet.
The hornet is severely wounded.
The hornet closely misses you. The killer bee zombie hits you!
* * * LOW HITPOINT WARNING * * *
The hornet stings you!
You die...

#..............#####
#................# #
#..............#.###
#.........####.#....
#.........###.......
#...................
#..........##.......
#...Z......##.......
#..@y...............
#####+#######.......
#....... ##.#####


You could see a hornet and a killer bee zombie.

Vanquished Creatures
  Erica (D:8)
  Maurice (D:8)
  A troll (D:9)
  Prince Ribbit (D:8)
  A hippogriff (D:7)
  A yak (D:9)
  A water moccasin (D:9)
  A sky beast (D:7)
  2 black bears
  2 phantoms
  4 ogres
  3 centaurs
  A crocodile (D:7)
  4 bullfrogs
  A scorpion (D:4)
  6 killer bees (D:7)
  3 centaur zombies
  2 crimson imps
  A bullfrog zombie (D:5)
  A jelly (D:7)
  Crazy Yiuf (D:3)
  2 hounds
  3 orc wizards
  2 centaur skeletons (D:5)
  Natasha (thrice) (D:3)
  2 iguanas
  3 worker ants
  2 killer bee zombies (D:7)
  2 hound zombies
  4 hound skeletons
  2 howler monkey zombies
  A worker ant zombie (D:8)
  3 gnolls (D:5)
  10 adders
  A shadow imp (D:7)
  An adder skeleton (D:5)
  2 adder zombies (D:5)
  2 worms
  A dart slug (D:1)
  5 leopard geckos
  12 orcs
  5 giant cockroaches
  4 goblins
  6 hobgoblins
  3 jackals (D:3)
  8 kobolds
  A quokka (D:8)
  11 bats
  7 frilled lizards
  9 rats
156 creatures vanquished.

Notes
Turn   | Place    | Note
-------+----------+-------------------------------------------
     0 | D:1      | Mrkan the Troll Monk began the quest for the Orb.
     0 | D:1      | Reached XP level 1. HP: 22/22 MP: 0/0
   137 | D:1      | Reached XP level 2. HP: 26/29 MP: 1/1
   438 | D:2      | Reached skill level 4 in Unarmed Combat
   456 | D:2      | Reached XP level 3. HP: 36/36 MP: 2/2
   950 | D:2      | Reached XP level 4. HP: 42/44 MP: 3/3
  1017 | D:2      | Reached skill level 5 in Unarmed Combat
  1253 | D:3      | Found a faded altar of an unknown god.
  1448 | D:3      | Noticed Natasha
  1458 | D:3      | Killed Natasha
  1458 | D:3      | Reached XP level 5. HP: 43/50 MP: 4/4
  1528 | D:3      | Found a runed translucent door.
  1529 | D:3      | Noticed Crazy Yiuf
  1570 | D:3      | Found an iron altar of Okawaru.
  1574 | D:3      | Found a glowing golden altar of the Shining One.
  1581 | D:3      | Became a worshipper of Warmaster Okawaru
  1581 | D:3      | Reached * piety under Okawaru
  1581 | D:3      | Reached ** piety under Okawaru
  1615 | D:3      | Noticed Natasha
  1627 | D:3      | Killed Natasha
  1627 | D:3      | Reached skill level 6 in Unarmed Combat
  1769 | D:3      | Found a deep blue altar of Sif Muna.
  1818 | D:3      | Noticed Natasha
  1823 | D:3      | Killed Natasha
  1855 | D:3      | Killed Crazy Yiuf
  1991 | D:4      | Found a runed translucent gate.
  1992 | D:4      | Found a runed translucent gate.
  1993 | D:4      | Found a runed translucent gate.
  1994 | D:4      | Noticed Mrkan's ghost (amateur DrGl)
  1995 | D:4      | Noticed Alannah's ghost (amateur TrHu)
  2010 | D:4      | Noticed an ogre
  2020 | D:4      | Killed an ogre
  2020 | D:4      | Reached skill level 7 in Unarmed Combat
  2020 | D:4      | Reached XP level 6. HP: 45/59 MP: 5/5
  2209 | D:4      | Found an opulent altar of Gozag.
  2649 | D:5      | Entered Level 5 of the Dungeon
  2655 | D:5      | Reached skill level 8 in Unarmed Combat
  2759 | D:5      | Reached XP level 7. HP: 53/66 MP: 6/6
  2961 | D:5      | Reached *** piety under Okawaru
  3360 | D:6      | Reached skill level 9 in Unarmed Combat
  3411 | D:6      | Found a staircase to the Ecumenical Temple.
  3551 | D:6      | Found a hide-covered altar of Uskayaw.
  3551 | D:6      | Noticed a +0 hand axe
  3551 | D:6      | Noticed a +0 dagger
  3759 | D:7      | Reached XP level 8. HP: 54/74 MP: 7/7
  3768 | D:7      | Reached skill level 10 in Unarmed Combat
  4044 | D:7      | Reached skill level 1 in Throwing
  4047 | D:7      | Reached **** piety under Okawaru
  4406 | D:7      | Noticed a hippogriff
  4414 | D:7      | Killed a hippogriff
  4414 | D:7      | Reached skill level 5 in Throwing
  4490 | D:7      | Reached XP level 9. HP: 80/80 MP: 8/8
  4625 | D:7      | Found a shimmering altar of Xom.
  4628 | D:7      | Found a glowing silver altar of Zin.
  4631 | D:7      | Found a hazy altar of Hepliaklqana.
  4645 | D:7      | Found a stormy altar of Qazlal.
  4850 | D:8      | Found a sparkling altar of Nemelex Xobeh.
  5011 | D:8      | Noticed Erica
  5020 | D:8      | Killed Erica
  5020 | D:8      | Received a gift from Okawaru
  5048 | D:8      | Noticed Maurice
  5059 | D:8      | Paralysed by something for 5 turns
  5071 | D:8      | Noticed Prince Ribbit
  5087 | D:8      | Killed Maurice
  5087 | D:8      | Reached ***** piety under Okawaru
  5104 | D:8      | Killed Prince Ribbit
  5104 | D:8      | Received a gift from Okawaru
  5148 | D:8      | Found a burning altar of Makhleb.
  5482 | D:9      | Found Datrusod's Jewellery Boutique.
  5638 | D:9      | Reached XP level 10. HP: 85/88 MP: 9/9
  5653 | D:9      | Found a blossoming altar of Fedhas.
  6043 | D:9      | Mangled by a hornet

Skill      XL: |  1  2  3  4  5  6  7  8  9 |
---------------+----------------------------+-----
Unarmed Combat | 4 5 7 8 9 10 | 10.5
Throwing       | 5 9 |  9.9
Fighting       | |  2.4
Dodging        | |  2.4
Stealth        | |  1.0

Action                   |  1- 3 |  4- 6 |  7- 9 | 10-12 || total
-------------------------+-------+-------+-------+-------++-------
Melee: Unarmed           |    79 |   130 |   210 |    48 ||   467
       Punch             |       |     1 |    11 |     2 ||    14
Invok: Heroism           |       |       |     1 |       ||     1
  Use: Scroll            |       |       |     8 |       ||     8
       Potion            |       |       |       |     2 ||     2
 Stab: Sleeping          |     4 |     2 |     5 |       ||    11
  Eat: Chunk             |    14 |     8 |    35 |       ||    57
Armor: Robe              |    43 |    53 |    61 |    18 ||   175
Dodge: Dodged            |    37 |    71 |    89 |    34 ||   231
